 Dungeon Crawl Stone Soup version 0.31-a0-1363-g282adc679d (webtiles) character file.

Game seed: 521766563227504925

182546 Amplified the Warrior (level 17, -10/172 HPs)
             Began as a Minotaur Alchemist on Dec 23, 2023.
             Was the Champion of the Shining One.
             Killed by divine providence
             ... invoked by a meliai
              (16 damage)
             ... on level 3 of the Spider Nest.
             The game lasted 00:46:53 (31862 turns).

Amplified the Warrior (Minotaur Alchemist)         Turns: 31862, Time: 00:46:54

Health: -10/172    AC: 27    Str: 22    XL:     17   Next: 71%
Magic:  14/28      EV: 10    Int: 12    God:    the Shining One [******]
Gold:   1534       SH:  5    Dex: 11    Spells: 15/18 levels left

rFire   + + +        h - +6 morningstar (freeze)
rCold   + + +        o - +0 buckler
rNeg    + + +        G - +1 plate armour {rPois}
rPois   +            (helmet restricted)
rElec   +            b - +2 cloak {rC+}
rCorr   +            U - +1 pair of gloves "Mauveng" {rF+ Regen+ Dex-2 SInv}
SInv    +            V - +2 pair of boots of Honesty {Rampage}
Will    +....        K - amulet of faith Stlth
                     e - ring "Zuzuopha" {rF+ rC+}
HPRegen 1.28/turn    R - ring "Mosant" {Wiz ^Contam rN+ rCorr Str+3}
MPRegen 0.21/turn

%: rampage, faith, wizardry (x1)
@: resistant, glowing
A: horns 2, retaliatory headbutt
a: Renounce Religion, Divine Shield, Cleansing Flame, Summon Divine Warrior,
Brand Weapon With Holy Wrath


You were on level 3 of the Spider Nest.
You worshipped the Shining One.
The Shining One was exalted by your worship.
You visited 5 branches of the dungeon, and saw 28 of its levels.
You visited 1 bazaar.
You also visited: Gauntlet, Ice Cave and Volcano.

You collected 3889 gold pieces.
You spent 2355 gold pieces at shops.

Inventory:

Hand Weapons
 d - a +2 broad axe
 h - a +6 morningstar of freezing (weapon)
Missiles
 g - 2 throwing nets
 i - 96 poisoned darts
 H - 15 curare-tipped darts (quivered)
 Z - 2 silver javelins
Armour
 b - a +2 cloak of cold resistance (worn)
 o - a +0 buckler (worn)
 x - a +2 chain mail of fire resistance
 G - a +1 plate armour of poison resistance (worn)
 U - the +1 pair of gloves "Mauveng" (worn) {rF+ Regen+ Dex-2 SInv}
   (You found it in a volcano)

   Dex-2:     It affects your dexterity (-2).
   rF+:       It protects you from fire.
   SInv:      It lets you see invisible.
   Regen+:    It increases your rate of health regeneration.
 V - the +2 pair of boots of Honesty (worn) {Rampage}
   (You found it in a Gauntlet)

   Rampage:   It bestows one free step when moving towards enemies.
Jewellery
 e - the ring "Zuzuopha" (left hand) {rF+ rC+}
   (You found it in an ice cave)

   [ring of protection from cold]

   rF+:       It protects you from fire.
   rC+:       It protects you from cold.
 l - the ring "Kufrehe" {rN+ Int+3 Slay+4 Stlth+}
   (You found it on level 15 of the Dungeon)

   [ring of slaying]

   Int+3:     It affects your intelligence (+3).
   Slay+4:    It affects your accuracy & damage with ranged weapons and melee
   (+4).
   rN+:       It protects you from negative energy.
   Stlth+:    It makes you more stealthy.
 w - a ring of poison resistance
 K - an amulet of faith (around neck)
 P - a ring of protection from cold
 R - the ring "Mosant" (right hand) {Wiz ^Contam rN+ rCorr Str+3}
   (You found it in a Gauntlet)

   [ring of wizardry]

   Wiz:       It improves your spell success rate.
   Str+3:     It affects your strength (+3).
   rN+:       It protects you from negative energy.
   ^Contam:   It causes magical contamination when unequipped.
   rCorr:     It protects you from acid and corrosion.
 W - a ring of protection from fire
Wands
 p - a wand of flame (26)
 y - a wand of digging (2)
 D - a wand of charming (8)
 J - a wand of polymorph (25)
 L - a wand of quicksilver (15)
 N - a wand of iceblast (14)
Scrolls
 c - 14 scrolls of teleportation
 k - 5 scrolls of fear
 m - 7 scrolls of poison
 t - 2 scrolls of fog
 u - 3 scrolls of noise
 A - 6 scrolls of identify
 B - 4 scrolls of immolation
 C - 7 scrolls of vulnerability
 F - 3 scrolls of silence
 S - 2 scrolls of blinking
 T - 3 scrolls of enchant weapon
Potions
 a - 5 potions of attraction
 f - a potion of haste
 n - 9 potions of mutation
 s - 7 potions of ambrosia
 v - 9 potions of brilliance
 z - 2 potions of invisibility
 E - 7 potions of lignification
 I - a potion of cancellation
 M - 11 potions of curing
 O - 2 potions of magic
 Q - 3 potions of enlightenment
Miscellaneous
 Y - a lightning rod (4/4)


   Skills:
 - Level 20.9 Fighting
 - Level 16.1 Maces & Flails
 - Level 14.0 Armour
 - Level 12.4 Dodging
 - Level 1.5 Stealth
 - Level 5.7 Shields
 - Level 1.3 Spellcasting
 - Level 0.6 Conjurations
 - Level 2.6 Translocations
 - Level 2.1 Alchemy
 * Level 17.1 Invocations


You had 15 spell levels left.
You knew the following spells:

 Your Spells              Type           Power      Damage    Failure   Level
a - Sting                 Conj/Alch      16%        1d4       58%         1
b - Lesser Beckoning      Tloc           14%        N/A       54%         2

Your spell library contained the following spells:

 Spells                   Type           Power      Damage    Failure   Level
 Blink                    Tloc           14%        N/A       54%         2
 Magic Dart               Conj           8%         1d3       69%         1
 Momentum Strike          Conj/Tloc      8%         3d8       69%         2
 Foxfire                  Conj/Fire      4%         2x1d4     75%         1
 Kiss of Death            Conj/Necr      4%         2d5       75%         1
 Shock                    Conj/Air       4%         1d3       75%         1
 Freeze                   Ice            0%         1d3       77%         1
 Sandblast                Erth           0%         2d4       77%         1
 Mercury Vapours          Alch/Air       6%         N/A       77%         2
 Passwall                 Alch/Erth      2%         N/A       77%         2
 Gell's Gravitas          Tloc           7%         N/A       77%         3
 Teleport Other           Tloc           7%         N/A       77%         3
 Cigotuvi's Dreadful Rot  Necr/Alch/Air  4%         N/A       82%         2
 Searing Ray              Conj           4%         2d4       82%         2
 Sublimation of Blood     Necr           0%         N/A       88%         2
 Mephitic Cloud           Conj/Alch/Air  3%         N/A       94%         3
 Stone Arrow              Conj/Erth      2%         3d7       97%         3
 Call Canine Familiar     Summ           0%         N/A       98%         3
 Confusing Touch          Hex            0%         N/A       98%         3
 Ozocubu's Armour         Ice            0%         N/A       98%         3
 Sigil of Binding         Hex            0%         N/A       98%         3
 Swiftness                Air            0%         N/A       98%         3
 Tukima's Dance           Hex            0%         N/A       98%         3
 Manifold Assault         Tloc           7%         N/A       98%         4
 Passage of Golubria      Tloc           7%         N/A       98%         4
 Olgreb's Toxic Radiance  Alch           6%         N/A       99%         4
 Airstrike                Air            0%         2d(0-16)  100%        4
 Brom's Barrelling Bould  Conj/Erth      1%         2d3       100%        4
 Dimensional Bullseye     Hex/Tloc       2%         N/A       100%        4
 Dispel Undead            Necr           0%         3d6       100%        4
 Fulminant Prism          Conj/Alch      2%         3d5       100%        4
 Ignite Poison            Fire/Alch      3%         N/A       100%        4
 Petrify                  Alch/Erth      3%         N/A       100%        4
 Sticky Flame             Fire/Alch      3%         2d4       100%        4
 Freezing Cloud           Conj/Ice/Air   0%         6-21      100%        5
 Irradiate                Conj/Alch      2%         3d12      100%        5
 Metabolic Englaciation   Hex/Ice        0%         N/A       100%        5
 Yara's Violent Unravell  Hex/Alch       1%         3d3       100%        5
 Dispersal                Tloc           3%         N/A       100%        6
 Plasma Beam              Fire/Air       0%         2x1d10    100%        6
 Simulacrum               Ice/Necr       0%         N/A       100%        6
 Starburst                Conj/Fire      0%         6d3       100%        6
 Ozocubu's Refrigeration  Ice            0%         4d7       100%        7
 Disjunction              Tloc           3%         N/A       100%        8
 Ignition                 Fire           0%         3d3       100%        8
 Polar Vortex             Ice            0%         N/A       100%        9


Dungeon Overview and Level Annotations

Branches:
Dungeon (15/15)            Temple (0/1) D:6            Lair (5/5) D:8
  Swamp (0/4) Lair:2       Spider (3/4) Lair:2          Orc (2/2) D:10
    Elf (3/3) Orc:2        Vaults (0/5) D:14         Depths (0/4) D:15
  IceCv (visited)         Volcano (visited)         Gauntlet (visited)
  Slime: Lair:4-5

Altars:
Ashenzari
Cheibriados
Dithmenos
Gozag
Hepliaklqana
Kikubaaqudgha
Okawaru
Qazlal
Sif Muna
Trog
Vehumet
Xom
Yredelemnul
Zin
The Shining One

Shops:
D:5 *[(   D:9 (   D:11 :   Orc:1 (   Orc:2 *(:?   Elf:3 *[=

Portals:
Bazaar: Elf:3
Trove: D:11 (show abyssal rune of Zot)

Annotations:
Lair:3 exclusion: 2 oklob plants
Lair:4 exclusion: oklob plant
Orc:1 Check lair:3 ext
Elf:3 Non-hurry bazaar


Innate Abilities, Weirdness & Mutations

You have a pair of horns on your head.
You reflexively headbutt those who attack you in melee.


Message History

The demonic crawler completely misses you.
The demonic crawler hits you.
* * * LOW HITPOINT WARNING * * *
The demonic crawler hits you but does no damage.
The meliai mumbles some strange prayers to its god against you.
Something smites you!
* * * LOW HITPOINT WARNING * * *
The redback completely misses you. You furiously retaliate!
You headbutt the redback!
You kill the redback!
You block the spark wasp's attack.
Unknown command.
Blink to where?
Press: ? - help, Dir - move target
As you read the scroll of blinking, it crumbles to dust.
* * * LOW HITPOINT WARNING * * *
You feel sick.
Unknown command.
Unknown command.
You feel much better.
You feel sick.
Unknown command.
Unknown command.
Blink to where?
Press: ? - help, Dir - move target
As you read the scroll of blinking, it crumbles to dust.
You feel sick.
You feel sick.
You feel sick.
You feel sick.
You see here a book of Winter.
You feel sick.
You feel sick.
You are no longer poisoned.
The meliai invokes the aid of its god against you.
Something smites you!
* * * LOW HITPOINT WARNING * * *
There is a stone staircase leading up here.
The meliai calls down the wrath of its god upon you.
Something smites you!
You die...

######^..#####ยง..>.#.#.
##.^^...y...##### #
#.......#..## #.
########..#%.# #..
#(........#### ##..
#........##
#....#####.#...#
##......###...#
#.....@.:y....#
##..####....#.#
#.^##.....#.### #
##.....#### #....#....#
#.#.##...## #####.^#..#
#..#..# #..#..#


You could see a meliai.

Vanquished Creatures
  Kirke (D:13)
  2 azure jellies (IceCv)
  2 deep elf sorcerers
  A ghost moth (Spider:2)
  An emperor scorpion (Spider:3)
  A quicksilver ooze (IceCv)
  A broodmother (Spider:1)
  A deep elf death mage (Elf:1)
  A minotaur (Gauntlet)
  2 spark wasps (Spider:1)
  2 fire dragons
  2 rakshasas
  4 entropy weavers
  Harold (D:11)
  4 hydras
  5 boulder beetles
  A ghost crab (Spider:2)
  2 catoblepae
  8 centaur warriors
  11 two-headed ogres
  9 dancing weapons
  Urug (Orc:2)
  2 death yaks (Lair:4)
  2 vampire magi (D:13)
  5 demonic crawlers
  4 orc high priests
  A hell knight (Volcano)
  5 deep elf knights
  An occultist (D:15)
  Nergalle (Lair:2)
  A fire crab (Lair:5)
  A pharaoh ant (Spider:1)
  A skyshark (Lair:5)
  3 skeletal warriors (D:13)
  A glowing orange brain (shapeshifter) (Elf:1)
  A flayed ghost (D:13)
  4 orb spiders
  Lodul (D:12)
  5 steelbarb worms
  A harpy (shapeshifter) (D:13)
  Pikel (D:5)
  11 deep elf archers
  36 deep elf zephyrmancers
  A steelbarb worm (shapeshifter) (Elf:1)
  A necromancer (D:15)
  23 deep elf pyromancers
  5 orc knights
  10 ugly things
  3 cyclopes
  2 manticores
  4 orc sorcerers
  2 moths of wrath
  A moth of wrath (shapeshifter) (Elf:1)
  8 wolf spiders
  15 elephants
  2 molten gargoyles (Lair:5)
  A kobold blastminer (Orc:1)
  6 black mambas
  A smoke demon (Volcano)
  A torpor snail (Lair:4)
  2 ice statues
  A torpor snail (shapeshifter) (Elf:1)
  3 unseen horrors
  An unseen horror (shapeshifter) (Elf:1)
  A gargoyle (Gauntlet)
  16 cane toads
  4 rime drakes
  Maggie (Lair:2)
  2 kobold demonologists
  10 komodo dragons
  A minotaur zombie (Gauntlet)
  4 guardian mummies (D:13)
  An efreet (D:14)
  A yaktaur (shapeshifter) (D:13)
  2 meliai
  A red devil (Volcano)
  A polar bear (Lair:1)
  8 trolls
  2 meliai (shapeshifter) (Elf:1)
  A troll (shapeshifter) (D:13)
  4 tyrant leeches
  A tarantella (shapeshifter) (Elf:2)
  3 raiju (shapeshifter)
  20 tarantellas
  12 blink frogs
  A hornet (D:8)
  2 blink frogs (shapeshifter)
  2 jumping spiders
  32 slime creatures
  A spriggan (shapeshifter) (Elf:1)
  9 culicivoras
  9 shadows
  2 centaur simulacra
  2 water elementals
  2 air elementals (Elf:3)
  8 wyverns
  50 yaks
  5 fire bats (Volcano)
  7 vampires
  3 hogs (D:13)
  5 wraiths
  12 basilisks
  34 redbacks
  2 golden eyes (D:13)
  3 wargs
  2 fire elementals
  16 humans (D:14)
  Grum (D:9)
  2 fire bats (shapeshifter)
  7 steam dragons
  14 vampire mosquitoes
  3 swamp worms (Lair:2)
  A swamp worm (shapeshifter) (D:13)
  A chaos spawn (D:13)
  4 hell hounds (Lair:5)
  2 acid dragons (D:10)
  2 great orb of eyes simulacra (IceCv)
  3 black bears
  6 water moccasins
  An ice beast (D:7)
  2 sky beasts
  A meliai simulacrum (D:15)
  16 ogres
  20 orc warriors
  A hornet zombie (D:15)
  A crocodile (shapeshifter) (D:13)
  29 centaurs
  A crocodile (Orc:2)
  16 wolves
  7 slime creature simulacra (IceCv)
  21 kobold brigands
  Blork the orc (D:4)
  9 bullfrogs
  4 scorpions
  2 glowing shapeshifter simulacra (IceCv)
  4 earth elementals
  6 wights
  4 shapeshifter zombies (D:13)
  31 killer bees
  4 howler monkeys
  An electric eel (Spider:1)
  10 lava snakes
  4 hounds (D:5)
  2 jellies
  14 orc priests
  3 gnoll boudas
  3 iguanas
  20 orc wizards
  6 shapeshifter simulacra
  4 hell rats (Lair:4)
  12 gnolls
  15 adders
  2 shadow imps
  3 bombardier beetles
  12 white imps (Lair:2)
  3 worms
  A dart slug (D:1)
  53 orcs
  7 ball pythons
  3 endoplasms
  3 giant cockroaches
  8 goblins
  7 hobgoblins
  4 jackals (D:3)
  24 kobolds
  3 quokkas
  9 bats
  2 frilled lizards
  3 rats
1017 creatures vanquished.

Vanquished Creatures (collateral kills)
  An adder (D:5)
1 creature vanquished.

Vanquished Creatures (others)
  A manticore (D:11)
  A tyrant leech (Spider:2)
  A hog (shapeshifter) (D:13)
  A water elemental (Elf:3)
  A human (D:13)
  A centaur (D:13)
  A lemure (D:5)
  A kobold brigand (D:11)
  An adder (D:5)
9 creatures vanquished.

Grand Total: 1027 creatures vanquished

Notes
Turn   | Place    | Note
-------+----------+-------------------------------------------
     0 | D:1      | Amplified the Minotaur Alchemist began the quest for the
                  | Orb.
     0 | D:1      | Reached XP level 1. HP: 14/14 MP: 1/1
    24 | D:1      | Reached skill level 1 in Fighting
    24 | D:1      | Reached skill level 1 in Armour
    66 | D:1      | Reached XP level 2. HP: 23/23 MP: 3/3
   675 | D:2      | Reached skill level 2 in Fighting
   974 | D:2      | Reached XP level 3. HP: 29/29 MP: 4/4
  1759 | D:3      | Found a faded altar of an unknown god.
  1785 | D:3      | Found a glowing silver altar of Zin.
  1815 | D:3      | Prayed at the altar of an unknown god.
  1815 | D:3      | Became a worshipper of the Shining One
  1815 | D:3      | Reached * piety under the Shining One
  2059 | D:3      | Reached XP level 4. HP: 37/37 MP: 5/5
  2168 | D:3      | Reached skill level 3 in Fighting
  2591 | D:4      | Reached skill level 1 in Invocations
  2704 | D:4      | Noticed Blork the orc
  2707 | D:5      | Entered Level 5 of the Dungeon
  2707 | D:5      | Found Disip's Antique Armour Emporium.
  2785 | D:5      | Reached XP level 5. HP: 42/45 MP: 6/6
  3032 | D:5      | Found Lohuuf's Assorted Antiques.
  3040 | D:5      | Bought a scroll labelled RICEIN QAUTUIS for 21 gold pieces
  3040 | D:5      | Bought a scroll labelled BAIZ QOODDAD for 21 gold pieces
  3059 | D:5      | Reached skill level 4 in Fighting
  3186 | D:5      | Noticed Pikel
  3186 | D:5      | Noticed a lemure
  3186 | D:5      | Noticed a lemure
  3187 | D:5      | Noticed a lemure
  3202 | D:5      | Killed Pikel
  3203 | D:5      | Reached skill level 5 in Fighting
  3203 | D:5      | Reached skill level 5 in Armour
  3203 | D:5      | Reached XP level 6. HP: 57/57 MP: 7/7
  3203 | D:5      | Reached XP level 7. HP: 62/62 MP: 8/8
  3293 | D:5      | Found Soureodd's Weapon Shop.
  3692 | D:5      | Reached skill level 1 in Maces & Flails
  3696 | D:5      | Reached skill level 6 in Fighting
  3794 | D:5      | Reached ** piety under the Shining One
  4209 | D:6      | Reached XP level 8. HP: 59/70 MP: 10/10
  4293 | D:6      | Found a staircase to the Ecumenical Temple.
  4599 | D:6      | Reached skill level 5 in Invocations
  4942 | D:7      | Reached skill level 7 in Fighting
  4985 | D:7      | Found an opulent altar of Gozag.
  5225 | D:7      | Reached XP level 9. HP: 66/80 MP: 12/12
  5421 | D:7      | Reached skill level 5 in Maces & Flails
  5432 | D:7      | Reached skill level 8 in Fighting
  5520 | D:7      | Reached *** piety under the Shining One
  6421 | D:8      | Noticed an elephant
  6452 | D:8      | Killed an elephant
  6591 | D:8      | Found a staircase to the Lair.
  6660 | D:8      | Reached skill level 10 in Maces & Flails
  6681 | D:8      | Reached XP level 10. HP: 85/88 MP: 13/13
  7547 | D:8      | Found a basalt altar of Yredelemnul.
  7547 | D:8      | Found a hazy altar of Hepliaklqana.
  7819 | D:9      | Noticed Grum
  7821 | D:9      | Noticed a red ugly thing
  8077 | D:9      | Found Xupnibre's Antique Weapon Shoppe.
  8156 | D:9      | Killed a cyan ugly thing
  8232 | D:9      | Killed Grum
  8365 | D:9      | Noticed a two-headed ogre
  8374 | D:9      | Killed a two-headed ogre
  8404 | D:9      | Found a snail-covered altar of Cheibriados.
  8409 | D:9      | Found a shimmering blue altar of Sif Muna.
  8413 | D:9      | Found a shadowy altar of Dithmenos.
  8420 | D:9      | Found a radiant altar of Vehumet.
  8422 | D:9      | Found a broken altar of Ashenzari.
  8427 | D:9      | Found a stormy altar of Qazlal.
  8430 | D:9      | Found an iron altar of Okawaru.
  8571 | D:10     | Entered Level 10 of the Dungeon
  8717 | D:10     | Reached XP level 11. HP: 94/94 MP: 14/14
  8724 | D:10     | Reached skill level 15 in Maces & Flails
  8782 | D:10     | Found a staircase to the Orcish Mines.
  8836 | D:10     | Noticed Harold
  9142 | D:10     | Noticed a two-headed ogre
  9156 | D:10     | Killed a two-headed ogre
  9245 | D:10     | Noticed a two-headed ogre
  9245 | D:10     | Reached **** piety under the Shining One
  9253 | D:10     | Noticed Maurice
  9254 | D:10     | Killed a two-headed ogre
  9261 | D:10     | Maurice changed into Maurice the warg
  9261 | D:10     | Noticed Maurice
  9265 | D:10     | Killed Maurice the warg
  9590 | D:11     | Noticed a sixfirhy
  9599 | D:11     | Noticed a sun demon
  9602 | D:11     | Killed Harold
  9603 | D:11     | Reached skill level 9 in Fighting
  9802 | D:11     | Found a portal to a secret trove of treasure.
  9841 | D:11     | HP: 4/97 [slime creature (16)]
 10431 | D:11     | Found Ygeim Xei's Book Boutique.
 10655 | D:11     | Noticed a two-headed ogre
 10663 | D:11     | Killed a two-headed ogre
 10905 | D:11     | Reached XP level 12. HP: 64/106 MP: 13/16
 10909 | D:11     | HP: 5/106 [large slime creature (34)]
 11201 | D:11     | Reached skill level 10 in Fighting
 11489 | D:9      | Reached skill level 10 in Armour
 11565 | D:5      | Bought an encrusted plate armour for 644 gold pieces
 11565 | D:5      | Identified the +1 plate armour of Yrios {rF++ rN+ Will-
                  | Int-4} (You bought it in a shop on level 5 of the Dungeon)
 11909 | D:12     | Noticed a two-headed ogre
 11918 | D:12     | Killed a two-headed ogre
 12032 | D:12     | Noticed a two-headed ogre
 12040 | D:12     | Killed a two-headed ogre
 12392 | D:12     | Noticed Lodul
 12400 | D:12     | Killed Lodul
 12456 | D:12     | Reached skill level 11 in Fighting
 12878 | Lair:1   | Entered Level 1 of the Lair of Beasts
 12890 | Lair:1   | Identified the +0 leather armour of Pan-Flutes {rF+ rN+
                  | Will+ Str+3}
 13250 | Lair:1   | Reached skill level 12 in Fighting
 13352 | Lair:1   | Noticed a boulder beetle
 13365 | Lair:1   | Killed a boulder beetle
 13366 | Lair:1   | Reached XP level 13. HP: 67/118 MP: 13/19
 13677 | Lair:1   | Reached skill level 10 in Invocations
 14006 | Lair:2   | Found a hole to the Spider Nest.
 14103 | Lair:2   | Found a frozen archway.
 14108 | Lair:2   | Noticed Maggie
 14123 | Lair:2   | Killed Maggie
 14208 | IceCv    | Entered an ice cave
 14214 | IceCv    | Reached ***** piety under the Shining One
 14328 | IceCv    | Noticed a quicksilver ooze
 14340 | IceCv    | Killed a quicksilver ooze
 14498 | IceCv    | Reached skill level 13 in Fighting
 14812 | IceCv    | Noticed an azure jelly
 14822 | IceCv    | Killed an azure jelly
 14849 | IceCv    | Found a viscous altar of Jiyva.
 14856 | IceCv    | Noticed an azure jelly
 14866 | IceCv    | Killed an azure jelly
 14876 | IceCv    | Got the ring "Zuzuopha" {rF+ rC+}
 14883 | IceCv    | Got the Folio of the Blizzard
 15178 | Lair:2   | Reached skill level 14 in Fighting
 15813 | Lair:2   | Noticed Nergalle
 15819 | Lair:2   | Killed Nergalle
 16041 | Lair:2   | Found a staircase to the Swamp.
 16139 | Lair:3   | Reached skill level 5 in Dodging
 16577 | Lair:3   | Reached XP level 14. HP: 132/132 MP: 21/21
 18562 | Lair:5   | Entered Level 5 of the Lair of Beasts
 18883 | Lair:5   | Reached skill level 10 in Dodging
 19782 | Lair:5   | Found a large runed translucent door.
 19782 | Lair:5   | Found a large runed translucent door.
 20383 | Orc:1    | Entered Level 1 of the Orcish Mines
 20538 | Orc:1    | Found Suufruh's Weapon Shop.
 21088 | Orc:2    | Entered Level 2 of the Orcish Mines
 21111 | Orc:2    | Found a dark tunnel.
 21119 | Volcano  | Entered a volcano
 21368 | Volcano  | Found a burning altar of Makhleb.
 21372 | Volcano  | Identified the +1 pair of gloves "Mauveng" {rF+ Regen+
                  | Dex-2 SInv}
 21688 | Orc:2    | Noticed Urug
 21703 | Orc:2    | Killed Urug
 21715 | Orc:2    | Reached XP level 15. HP: 44/139 MP: 1/23
 21742 | Orc:2    | Noticed Sonja
 21743 | Orc:2    | Sonja changed into Sonja the crocodile
 21743 | Orc:2    | Noticed Sonja
 21749 | Orc:2    | Killed Sonja the crocodile
 22132 | Orc:2    | Found Ashrireh's Magic Scroll Shoppe.
 22132 | Orc:2    | Found Yshro Leesib's Assorted Antiques.
 22137 | Orc:2    | Found Lolaru Dixe's Book Shoppe.
 22137 | Orc:2    | Found Riecw's Weapon Shop.
 22148 | Orc:2    | Bought a shimmering scale mail for 252 gold pieces
 22148 | Orc:2    | Identified the +0 scale mail of the Gravedigger {Slay+2}
                  | (You bought it in a shop on level 2 of the Orcish Mines)
 22255 | Orc:2    | Found a bloodstained altar of Trog.
 22261 | Orc:2    | Found a staircase to the Elven Halls.
 22454 | Orc:2    | Bought a scroll of fear for 56 gold pieces
 22454 | Orc:2    | Bought a scroll of fog for 56 gold pieces
 22454 | Orc:2    | Bought a scroll of fog for 56 gold pieces
 22454 | Orc:2    | Bought a scroll of silence for 133 gold pieces
 22458 | Orc:2    | Bought a book of the Warp for 588 gold pieces
 22464 | Orc:2    | Learned a level 2 spell: Lesser Beckoning
 22608 | D:13     | Found an ancient bone altar of Kikubaaqudgha.
 22617 | D:13     | Reached skill level 15 in Fighting
 22619 | D:13     | Found a basalt altar of Yredelemnul.
 22619 | D:13     | Found a shimmering altar of Xom.
 22778 | D:13     | Reached skill level 1 in Translocations
 22968 | D:13     | Found a flickering gateway to a bazaar.
 22977 | Bazaar   | Entered a bazaar
 22979 | Bazaar   | Found Defiut's General Store.
 22983 | Bazaar   | Found Wirphiel's Antique Armour Boutique.
 22983 | Bazaar   | Found Xynnuv's Book Boutique.
 22984 | Bazaar   | Found Zoymel's General Store.
 23014 | Bazaar   | Bought a potion of curing for 30 gold pieces
 23020 | Bazaar   | Bought a wand of digging (2) for 50 gold pieces
 23031 | Bazaar   | Bought a faintly glowing leather armour for 189 gold pieces
 23031 | Bazaar   | Identified the +1 leather armour of Uney {+Blink Int+4}
                  | (You bought it in a shop in a bazaar)
 23268 | D:13     | Noticed Kirke
 23275 | D:13     | Reached ****** piety under the Shining One
 23283 | D:13     | Killed Kirke
 23598 | D:13     | Found a shimmering altar of Xom.
 23624 | D:13     | Reached skill level 16 in Fighting
 23651 | D:13     | Identified the ring of Eternal Harmony {^Contam Will+ rCorr
                  | Int+4}
 23652 | D:13     | Identified the +2 robe of Fevusasi {Rampage rF++}
 23700 | D:13     | Identified the flux talisman of the Disturbing Songs {rC++
                  | Str+4 Dex-5}
 23954 | D:14     | Found a gate to the Vaults.
 23964 | D:14     | Reached skill level 17 in Fighting
 24691 | D:15     | Entered Level 15 of the Dungeon
 24727 | D:15     | Reached skill level 18 in Fighting
 24815 | D:15     | Found a gate leading to a gauntlet.
 24821 | Gauntlet | Entered a Gauntlet
 24821 | Gauntlet | Found a runed translucent door.
 24821 | Gauntlet | Found a transporter.
 24821 | Gauntlet | Found a runed translucent door.
 24821 | Gauntlet | Found a transporter.
 24821 | Gauntlet | Found a transporter.
 24831 | Gauntlet | Found a transporter.
 24834 | Gauntlet | Found a transporter.
 24842 | Gauntlet | Found a transporter.
 24845 | Gauntlet | Found a transporter.
 24856 | Gauntlet | Found a transporter.
 24873 | Gauntlet | Found a transporter.
 24892 | Gauntlet | Found a transporter.
 24893 | Gauntlet | Found a transporter.
 24903 | Gauntlet | Found a transporter.
 25001 | Gauntlet | Identified the +2 pair of boots of Honesty {Rampage}
 25069 | Gauntlet | Reached XP level 16. HP: 157/157 MP: 24/24
 25075 | Gauntlet | Identified the ring "Mosant" {Wiz ^Contam rN+ rCorr Str+3}
 25638 | D:15     | Identified the ring "Kufrehe" {rN+ Int+3 Slay+4 Stlth+}
 25649 | D:15     | Reached skill level 19 in Fighting
 25703 | D:15     | Found a staircase to the Depths.
 25966 | D:4      | Killed Blork the orc
 26646 | Elf:1    | Entered Level 1 of the Elven Halls
 26931 | Elf:1    | Reached skill level 20 in Fighting
 26940 | Elf:1    | Identified the +2 pair of gloves of Death Resistance
                  | {+Blink +Inv Regen+ Slay-4}
 27984 | Elf:2    | Found an ancient bone altar of Kikubaaqudgha.
 28322 | Elf:3    | Entered Level 3 of the Elven Halls
 28322 | Elf:3    | Found a gateway to a bazaar.
 28353 | Elf:3    | Found Demm's Armour Shoppe.
 28358 | Elf:3    | Bought a +0 buckler for 54 gold pieces
 28416 | Elf:3    | Reached skill level 1 in Shields
 28469 | Elf:3    | Paralysed by an air elemental for 1 turns
 28556 | Elf:3    | Found Miceroq's Jewellery Shoppe.
 28577 | Elf:3    | Paralysed by an air elemental for 1 turns
 28583 | Elf:3    | Reached skill level 5 in Shields
 28657 | Elf:3    | Reached XP level 17. HP: 167/172 MP: 26/26
 28803 | Elf:3    | Found Qotah's Book Boutique.
 28974 | Elf:3    | Found Iredgho's Assorted Antiques.
 28980 | Elf:3    | Bought a wavering brass ring for 205 gold pieces
 28980 | Elf:3    | Identified the ring of Limorum {+Blink rF+} (You bought it
                  | in a shop on level 3 of the Elven Halls)
 29481 | Spider:1 | Entered Level 1 of the Spider Nest
 29671 | Spider:1 | Reached skill level 15 in Invocations
 30682 | Spider:2 | Identified the +11 falchion of Infinite Pain {antimagic,
                  | Will+}
 31853 | Spider:3 | HP: 2/172 [meliai/divine providence (14)]
 31861 | Spider:3 | HP: 5/172 [meliai/divine providence (14)]
 31862 | Spider:3 | Killed from afar by a meliai

Illustrated notes

Levels and vault maps discovered:
D:1:      minmay_arrival_shoal_huts, layout_rooms, serial_aquarium,
          aquarium_bridge_square [aquarium_subvault_bridge,
          aquarium_subvault_balcony, aquarium_subvault_bridge,
          aquarium_subvault_bridge], aquarium_bridge_square
          [aquarium_subvault_wall, aquarium_subvault_bridge,
          aquarium_subvault_wall, aquarium_subvault_bridge], aquarium_window_1,
          aquarium_window_fake, aquarium_view_2b, aquarium_pool_1
D:2:      layout_loops_corners, minmay_misc_feat_enclosed, minivault_5,
          moated_statue, dreamdust_princess_bridge
D:3:      minmay_chambers_of_twos, layout_basic, zin_treasury,
          hellmonk_ecumenical_altar_dog_temple
D:4:      kennysheep_six_static_rooms, layout_cave_pools, uniq_blork_the_orc
D:5:      layout_basic, serial_shops, nicolae_shop_hallway_plus,
          nicolae_shop_hallway_stairs, shop, uniq_pikel
D:6:      layout_basic, minmay_temple_entry_statues_fountains
D:7:      layout_loops_ring, mainiacjoe_overflow_cross_hatched
D:8:      minmay_thinvault, layout_loops_corners,
          gammafunk_temple_overflow_elements, david_lair_generic
D:9:      layout_basic, nicolae_overflow_hallway_of_the_gods, serial_shops,
          shop, uniq_grum
D:10:     minmay_polygon_palace, layout_loops_ring, minmay_holes,
          hangedman_decor_growths, uniq_harold, uniq_maurice
D:11:     layout_loops_corners, special_room [special_room_kobold],
          nicolae_trove_entry_isolated, serial_shops, shop
D:12:     layout_gridville, serial_bayou_pond_d, uniq_lodul
D:13:     skrybe_chaotic_catacombs, layout_basic, serial_shops, bzr_firewalk,
          kennysheep_flooded_box, uniq_kirke
D:14:     layout_cave_pools, david_vaults_3, minmay_crystal_room
D:15:     grunt_enter_depths_magical_seal, layout_rooms, gauntlet_entry_generic
Lair:1:   layout_roguey
Lair:2:   minmay_lair_venomous_thicket, layout_regular_city,
          palyth_hydra_swamp_entry, hellmonk_spider_entry_not_the_bees,
          portal_ice_cave_entry_imps, uniq_maggie, uniq_nergalle
Lair:3:   regret_index_harrowing_hell_hive, layout_cave_pods
Lair:4:   layout_loops_ring, lemuel_fruit_tree
Lair:5:   cheibrodos_lair_end_hotspot, layout_cave_pods,
          dpeg_slime_entry_enclosed
Spider:1: layout_spider_delve, drop_trap
Spider:2: layout_cave_pods, nicolae_spider_swamp_cousins
Spider:3: layout_spider_delve, drop_trap, uniq_nikola, uniq_roxanne
Orc:1:    layout_diamond_mine, serial_shops, nicolae_shop_advertising_works
          [nicolae_subvault_shop_adworks], david_defended_altar_orc
Orc:2:    grunt_orc_tribal_feast, layout_diamond_mine,
          nicolae_volcano_entry_hallway, basic_altar, uniq_sonja, uniq_urug
Elf:1:    minmay_elf_arrival_circle, layout_loops_ring,
          nicolae_elf_shapeshifter_party
Elf:2:    nicolae_elf_blades_splatter_lattice [nicolae_blade_little_rooms],
          layout_gridlike, basic_altar, elves_outpost_lemuel
Elf:3:    elf_hall_gauntlet_narrow, layout_geoelf_octagon, serial_shops,
          bzr_entry_dummy, shop, shop, shop, nicolae_shop_hallway_plus,
          minmay_misc_feat_pillars

Skill      XL: |  1  2  3  4  5  6  7  8  9 10 11 12 13 14 15 16 17 |
---------------+----------------------------------------------------+-----
Fighting       | 1 2 3 5 6 7 8 9 12 14 18 20 | 20.9
Armour         | 1 2 3 5 6 7 9 12 13 14 | 14.0
Invocations    | 1 3 4 5 6 7 9 11 12 14 17 | 17.1
Maces & Flails | 2 4 10 14 16 | 16.1
Dodging        | 6 12 | 12.4
Translocations | 2 |  2.6
Shields        | 5 |  5.7
Stealth        | |  1.5
Spellcasting   | |  1.3
Conjurations   | |  0.6
Alchemy        | |  2.1

Action                     |  1- 3 |  4- 6 |  7- 9 | 10-12 | 13-15 | 16-18 || total
---------------------------+-------+-------+-------+-------+-------+-------++-------
  Melee: Unarmed           |    21 |       |       |       |       |       ||    21
         Headbutt          |    18 |    28 |    79 |   139 |   344 |   199 ||   807
         Dagger            |    79 |   101 |       |       |       |       ||   180
         Punch             |       |     1 |     8 |    10 |    23 |     3 ||    45
         Whip              |       |       |    57 |       |       |       ||    57
         Flail             |       |       |   124 |       |       |       ||   124
         Morningstar       |       |       |    75 |   542 |  1134 |   695 ||  2446
  Throw: Dart              |       |       |       |       |       |     3 ||     3
   Cast: Sting             |       |       |       |     1 |       |       ||     1
 Invoke: Divine Shield     |       |       |     2 |    13 |    22 |     4 ||    41
         Cleansing Flame   |       |       |       |     1 |    35 |    31 ||    67
  Evoke: Wand              |       |     4 |     3 |     9 |     3 |     5 ||    24
    Use: Scroll            |     3 |     3 |    10 |     9 |    15 |     7 ||    47
         Potion            |       |     2 |     2 |     4 |    11 |     5 ||    24
 Armour: Ring mail         |    59 |    14 |       |       |       |       ||    73
         Robe              |     3 |       |       |       |       |       ||     3
         Scale mail        |       |    46 |   216 |   281 |   383 |       ||   926
         Plate armour      |       |       |       |       |    53 |   384 ||   437
         Chain mail        |       |       |       |       |   369 |   235 ||   604
  Dodge: Dodged            |    72 |    47 |   153 |   259 |   826 |   255 ||  1612
  Block: Other             |       |       |    22 |    35 |   168 |    11 ||   236
         Buckler           |       |       |       |       |       |    83 ||    83

Table legend: (Time is in decaauts)
 A = Elapsed time spent in this place.
 B = Non-inter-level travel time spent in this place.
 C = Inter-level travel time spent in this place.
 D = Time resting spent in this place.
 E = Time spent auto-exploring this place.
 F = Levels seen in this place.
 G = Mean time per level.
                   A        B        C        D        E       F      G
               +--------+--------+--------+--------+--------+-----+--------+
         Total |  31269 |  28869 |   2400 |   2038 |  20430 |  32 |  977.2 |
       Dungeon |  16695 |  15167 |   1528 |   1099 |  10893 |  15 | 1113.0 |
          Lair |   6582 |   6211 |    371 |    225 |   4980 |   5 | 1316.4 |
   Spider Nest |   2263 |   2173 |     90 |    232 |   1485 |   3 |  754.3 |
  Orcish Mines |   1721 |   1488 |    233 |     49 |   1080 |   2 |  860.5 |
   Elven Halls |   2498 |   2321 |    177 |    198 |   1629 |   3 |  832.7 |
        Bazaar |     59 |     59 |      0 |      0 |     27 |   1 |   59.0 |
      Ice Cave |    723 |    723 |      0 |    188 |     71 |   1 |  723.0 |
       Volcano |    434 |    434 |      0 |     43 |    139 |   1 |  434.0 |
      Gauntlet |    290 |    290 |      0 |      2 |    124 |   1 |  290.0 |
               +--------+--------+--------+--------+--------+-----+--------+

Top non-repeatable levels by time:
     D:8: 2328 daAuts
    D:11: 1758 daAuts
  Lair:5: 1589 daAuts
     D:5: 1423 daAuts
  Lair:2: 1387 daAuts
    D:12: 1299 daAuts
  Lair:3: 1292 daAuts
    D:13: 1266 daAuts
  Lair:4: 1189 daAuts
    D:10: 1129 daAuts
  Lair:1: 1124 daAuts
Spider:1: 1110 daAuts
     D:7: 1084 daAuts
     D:3: 1029 daAuts
Spider:2: 1024 daAuts
